 Dungeon Crawl Stone Soup version 0.18-a0-19-g8b99b3a (webtiles) character file.

18 Duffy the Sneak (level 2, 0/22 HPs)
             Began as a Naga Enchanter on Nov 1, 2015.
             Slain by an adder (1 damage)
             ... on level 1 of the Dungeon.
             The game lasted 00:01:25 (810 turns).

Duffy the Sneak (Naga Enchanter)                     Turns: 810, Time: 00:01:26

Health: 0/22       AC:  2    Str: 10    XL:     2   Next: 66%
Magic:  5/5        EV: 10    Int: 15    God:
Gold:   58         SH:  0    Dex: 11    Spells: 1 memorised, 4 levels left

rFire  . . .     SeeInvis +     a - +1 dagger
rCold  . . .     Clarity  .     b - +1 robe
rNeg   . . .     SustAt   .     (no shield)
rPois  +         Gourm    .     (no helmet)
rElec  .         Spirit   .     (no cloak)
rCorr  .         Warding  .     (no gloves)
rMut   .         Stasis   .     (no barding)
MR     .....                    (no amulet)
Stlth  +++.......               (no ring)
                                (no ring)

@: short of breath, very slow, not resistant to hostile enchantments, fairly
stealthy
A: see invisible, deformed body, poison resistance, slowness 2, slow metabolism
1, spit poison 2, AC +0
a: Spit Poison


You were on level 1 of the Dungeon.
You were not hungry.

You visited 1 branch of the dungeon, and saw 2 of its levels.

You collected 58 gold pieces.


Innate Abilities, Weirdness & Mutations

You cannot wear boots.
Your serpentine skin is tough (AC +0).
You have supernaturally acute eyesight.
Armour fits poorly on your strangely shaped body.
Your system is resistant to poisons.
You cover ground very slowly.
You have a slow metabolism.
You can spit poison.


   Skills:
 + Level 1.7 Short Blades
 - Level 1.5 Dodging
 - Level 5.0 Stealth
 - Level 2.0 Spellcasting
 + Level 3.2 Hexes


You had 4 spell levels left.
You knew the following spells:

 Your Spells              Type           Power        Failure   Level  Hunger
r - Corona                Hex            ##.....      8%          1    #......

Inventory:

Hand Weapons
 a - a +1 dagger (weapon)
Missiles
 g - 7 poisoned needles
 l - 43 stones (quivered)
Armour
 b - a +1 robe (worn)
 k - a +0 shield
Scrolls
 f - a scroll of noise {unknown}
 h - a scroll of teleportation {unknown}
 i - a scroll of random uselessness {unknown}
 j - a scroll of remove curse {unknown}
 m - a scroll of fog {unknown}
Potions
 e - a potion of curing {unknown}
Books
 c - a book of Maledictions
Comestibles
 d - 2 bread rations

Dungeon Overview and Level Annotations

Branches:
Dungeon (2/15)

Altars:


Message History

You hit the hobgoblin.
The hobgoblin is severely wounded.
The hobgoblin hits you with a club.
An adder comes into view.
You hit the hobgoblin.
You kill the hobgoblin!
You have got your breath back.
Found 18 gold pieces.
A hobgoblin comes into view. It is wielding a club.
Things that are here:
a club; a hobgoblin corpse The adder bites you.
Press: ? - help, Shift-Dir - straight line, f - adder
Aim: an adder The splash of poison hits the adder.
The adder is poisoned.
The adder is moderately wounded.
You feel slightly more hungry. The adder bites you. The adder bites you.
The adder bites you.
You have got your breath back.
The adder bites you. The adder bites you but does no damage.
There is a stone staircase leading up here.
The adder looks more healthy.
The adder bites you.
You climb upwards.
There is a stone staircase leading down here.
Press: ? - help, Shift-Dir - straight line, f - adder
Aim: an adder (severely wounded)
The splash of poison hits the adder.
The adder is almost dead.
You feel slightly more hungry. The adder barely misses you.
The adder bites you.
You completely miss the adder.
The adder is severely wounded.
The adder bites you.
You die...

#.# #.# #.#.###.###.###.## #.#
#.# #....##.# ##.#.## #.#####.#
#.###...#####.## #.....#.# #.#
#.......#.#### #####.#.#
#.###.###...#.....
#.#.########.....# #...####.#
#####............#.#.############
..............##S#.#.##......##..
#######.#####.##@#.####.#######.#
#.# #.##.#.#....# #<#...#
#.#####.##.....##.###.#.###
#.##....##.###.##...#...# #
#.##....##.# #.####.#######
#.##...###.###....#...#.#..
#.###.## ##...###.#####.#.# #.#
#.# ##.## #.....#...# #####.# #.#
#.# #.###.###.#


You could see an adder.

Action                   || total
-------------------------++-------
Melee: Dagger            ||    14
 Abil: Spit Poison       ||    17
 Stab: Sleeping          ||     3

Notes
Turn   | Place    | Note
--------------------------------------------------------------
     0 | D:1      | Duffy the Naga Enchanter began the quest for the Orb.
     0 | D:1      | Reached XP level 1. HP: 15/15 MP: 3/3
   205 | D:1      | Reached XP level 2. HP: 22/22 MP: 5/5
   215 | D:1      | Reached skill level 5 in Stealth
   810 | D:1      | Slain by an adder

Vault maps used:
D:1:      elethiomel_arrival_maze
D:2:      first_bread, st_stairs_6

Vanquished Creatures
  2 bats
  2 goblins
  4 hobgoblins
  3 kobolds
  2 ball pythons
  A giant newt
  2 jackals
  A rat
17 creatures vanquished.
